 Dungeon Crawl Stone Soup version 0.26.1-16-g4e020e15dc (webtiles) character file.

Game seed: 5749245740532500118

84 HanshermHop the Chopper (level 4, -2/41 HPs)
             Began as a Hill Orc Monk on Mar 17, 2024.
             Killed from afar by an orc wizard (10 damage)
             ... with a puff of flame
             ... on level 3 of the Dungeon.
             The game lasted 00:10:26 (1742 turns).

HanshermHop the Chopper (Hill Orc Monk)             Turns: 1742, Time: 00:10:27

Health: -2/41      AC:  2    Str: 14    XL:     4   Next: 46%
Magic:  4/4        EV: 13    Int: 10    God:
Gold:   53         SH:  0    Dex: 13    Spells: 3/3 levels left

rFire    . . .     SeeInvis .   a - +0 hand axe
rCold    . . .     Faith    .   (no shield)
rNeg     . . .     Spirit   .   b - +0 robe
rPois    .         Reflect  .   (no helmet)
rElec    .         Harm     .   (no cloak)
rCorr    .         Rampage  .   (no gloves)
Will     .....                  (no boots)
Stlth    ++........             (no amulet)
HPRegen  0.13/turn              (no ring)
MPRegen  0.09/turn              (no ring)

@: no status effects
A: no striking features
a: no special abilities


You were on level 3 of the Dungeon.
You visited 1 branch of the dungeon, and saw 3 of its levels.

You collected 53 gold pieces.

Inventory:

Hand Weapons
 a - a +0 hand axe (weapon)
Missiles
 i - 42 stones (quivered)
 n - 2 boomerangs
Armour
 b - a +0 robe (worn)
 k - a +0 scale mail
Scrolls
 c - a scroll of identify {unknown}
 e - a scroll of fear {unknown}
 f - 2 scrolls of remove curse {unknown}
 h - a scroll of amnesia {unknown}
 o - a scroll of noise {unknown}
Potions
 d - a potion of mutation {unknown}
 g - a potion of berserk rage {unknown}
 j - a potion of curing {unknown}
 l - a potion of might {unknown}
 m - a potion of attraction {unknown}


   Skills:
 + Level 4.3 Fighting
 + Level 4.8 Axes
 + Level 2.0 Armour
 + Level 3.0 Dodging
 - Level 1.5 Stealth


You had 3 spell levels left.
You didn't know any spells.
Your spell library contained the following spells:

 Spells                   Type           Power        Failure   Level
 Animate Skeleton         Necr           0%           36%         1
 Pain                     Necr           0%           36%         1
 Vampiric Draining        Necr           0%           75%         3
 Animate Dead             Necr           0%           98%         4
 Agony                    Necr           0%           100%        5


Dungeon Overview and Level Annotations

Branches:
Dungeon (2/15)

Altars:


Message History

The puff of flame hits you! The orc hits you with a +0 hand axe.
You hit the orc wizard but do no damage.
The orc wizard is heavily wounded.
You hit the orc. The orc wizard barely misses you.
The orc hits you with a +0 hand axe.
* * * LOW HITPOINT WARNING * * *
You hit the orc wizard but do no damage.
The orc wizard is moderately wounded.
You hit the orc.
You kill the orc!
The orc wizard hits you but does no damage.
You hit the orc wizard.
The orc wizard is moderately wounded.
The orc wizard hits you with a +0 dagger.
* * * LOW HITPOINT WARNING * * *
You hit the orc wizard.
The orc wizard is heavily wounded.
The orc wizard points at you and mumbles some strange words.
The puff of flame hits you!
You die...

# .... #. #........
####[# #........
....$.##########........
......(((....>..........
........................
......)@................
......)o....†........#
.......#.............#
.......#.............#
.......#.............#
.......#.............#
.......#.............#
.....#.#......†÷)....#
#.............#


You could see an orc wizard.

Vanquished Creatures
  2 adders
  2 oozes
  2 worms
  A dart slug (D:1)
  A leopard gecko (D:1)
  2 orcs (D:3)
  3 giant cockroaches
  5 goblins
  6 hobgoblins
  3 jackals (D:1)
  6 kobolds
  A quokka (D:3)
  5 bats
  8 rats
47 creatures vanquished.

Notes
Turn   | Place    | Note
-------+----------+-------------------------------------------
     0 | D:1      | HanshermHop the Hill Orc Monk began the quest for the Orb.
     0 | D:1      | Reached XP level 1. HP: 19/19 MP: 1/1
    57 | D:1      | Reached XP level 2. HP: 23/27 MP: 2/2
   294 | D:1      | Reached skill level 1 in Armour
   505 | D:1      | Reached XP level 3. HP: 28/33 MP: 3/3
  1432 | D:2      | You fall into a shaft and drop 1 floor!
  1438 | D:3      | Reached XP level 4. HP: 39/40 MP: 4/4
  1742 | D:3      | Killed from afar by an orc wizard

Illustrated notes

Levels and vault maps discovered:
D:1:      dpeg_arrival_round_a, layout_basic, dk_noncrumbling_3, st_stairs_7
D:2:      layout_basic
D:3:      layout_basic

Skill      XL: |  1  2  3  4 |
---------------+-------------+-----
Armour         | 1 2 |  2.0
Fighting       | 4 |  4.3
Dodging        | 3 |  3.0
Axes           | |  4.8
Stealth        | |  1.5

Action                   |  1- 3 |  4- 6 || total
-------------------------+-------+-------++-------
Melee: Hand axe          |   124 |    46 ||   170
Throw: Stone             |     8 |     8 ||    16
 Stab: Sleeping          |     3 |       ||     3
Armor: Robe              |    16 |     2 ||    18
Dodge: Dodged            |    70 |    36 ||   106
